 Dungeon Crawl Stone Soup version 0.29-a0-393-g47a863c (webtiles) character file.

Game seed: 4567132578615315463

1943 Illumine the Quickloader (level 8, -3/42 HPs)
             Began as a Spriggan Hunter on May 10, 2022.
             Was an Initiate of Gozag.
             Slain by an orc warrior
             ... wielding a +0 war axe
              (15 damage)
             ... in a bailey.
             The game lasted 00:12:44 (8684 turns).

Illumine the Quickloader (Spriggan Hunter)          Turns: 8684, Time: 00:12:45

Health: -3/42      AC:  2    Str:  9    XL:     8   Next: 98%
Magic:  9/9        EV: 22    Int: 10    God:    Gozag
Gold:   204        SH:  0    Dex: 19    Spells: 7/7 levels left

rFire   + . .      SeeInvis +   b - +0 short sword (venom)
rCold   . . .      Faith    .   (no shield)
rNeg    . . .      Spirit   .   o - +0 robe
rPois   .          Reflect  .   (helmet restricted)
rElec   .          Harm     .   (no cloak)
rCorr   .          Rampage  .   (gloves unavailable)
Will    ++...                   (boots unavailable)
Stlth   ++........              (no amulet)
HPRegen 0.14/turn               n - ring of willpower
MPRegen 0.11/turn               u - ring of protection from fire

@: very quick
A: very small, no large weapons, unfitting armour, see invisible, speed 3
a: Renounce Religion, Potion Petition, Call Merchant, Bribe Branch


You were in a bailey.
You worshipped Gozag.
Gozag was aware of your devotion.
You visited 2 branches of the dungeon, and saw 8 of its levels.
You also visited: Bailey.

You collected 551 gold pieces.
You spent 36 gold pieces at shops.
You paid 311 gold pieces to Gozag.

Inventory:

Hand Weapons
 a - a +1 hand crossbow
 b - a +0 short sword of venom (weapon)
 k - a +1 dagger of holy wrath
Missiles
 h - 6 atropa-tipped darts
Armour
 o - a +0 robe (worn)
Jewellery
 n - a ring of willpower (left hand)
 r - a ring of positive energy
 t - a +6 ring of intelligence
 u - a ring of protection from fire (right hand)
 z - an amulet of the acrobat
 A - a ring of wizardry
Wands
 e - a wand of flame (26)
 x - a wand of polymorph (10)
Scrolls
 c - 3 scrolls of immolation
 m - 2 scrolls of enchant armour
 p - a scroll of vulnerability {unknown}
 q - a scroll of magic mapping
 s - 2 scrolls of teleportation {unknown}
 v - a scroll of poison {unknown}
 y - a scroll of summoning {unknown}
Potions
 d - 2 potions of heal wounds
 f - 5 potions of haste
 i - a potion of curing
 j - 3 potions of flight
 l - a potion of ambrosia
 w - 2 potions of invisibility


   Skills:
 + Level 4.7 Fighting
 * Level 9.7 Crossbows
 + Level 7.6 Dodging
 - Level 1.5 Stealth


You had 7 spell levels left.
You didn't know any spells.
Your spell library contained the following spells:

 Spells                   Type           Power      Damage    Failure   Level
 Magic Dart               Conj           0%         1d3       36%         1
 Call Imp                 Summ           0%         N/A       50%         2
 Call Canine Familiar     Summ           0%         N/A       75%         3
 Mephitic Cloud           Conj/Pois/Air  0%         N/A       75%         3
 Portal Projectile        Hex/Tloc       0%         N/A       75%         3
 Leda's Liquefaction      Hex/Erth       0%         N/A       98%         4


Dungeon Overview and Level Annotations

Branches:
Dungeon (7/15)             Temple (1/1) D:5          Bailey (1/1)

Altars:
Gozag
Makhleb
Xom

Shops:
D:2 =   D:5 ?*

Annotations:
D:5 2 transporters, Grinder; dontdoit's ghost, weakling DjDe


Innate Abilities, Weirdness & Mutations

You are very small and have problems with some larger weapons.
You are too small for most types of armour.
You have supernaturally acute eyesight. (SInv)
You cover ground extremely quickly. (Speed+++)


Message History

Aim: an orc warrior, wielding a +0 war axe and wearing a +0 ring mail (moderately wounded, 63% to hit)
You shoot a bolt.
The bolt closely misses the orc warrior.
Shoot: a) +1 hand crossbow
Press: ? - help, Q - select action, (/) - cycle Shift-Dir - straight line, f/p - orc warrior
Aim: an orc warrior, wielding a +0 war axe and wearing a +0 ring mail (moderately wounded, 63% to hit)
You shoot a bolt.
The bolt hits the orc warrior but does no damage.
The orc warrior is moderately wounded.
Things that are here:
a +0 war axe; a +0 ring mail Shoot: a) +1 hand crossbow
Press: ? - help, Q - select action, (/) - cycle Shift-Dir - straight line, f/p - orc warrior
Aim: an orc warrior, wielding a +0 war axe and wearing a +0 ring mail (moderately wounded, 63% to hit)
You shoot a bolt. The bolt hits the orc warrior!
The orc warrior is heavily wounded.
Shoot: a) +1 hand crossbow
Press: ? - help, Q - select action, (/) - cycle Shift-Dir - straight line, f/p - orc warrior
Aim: an orc warrior, wielding a +0 war axe and wearing a +0 ring mail (heavily wounded, 63% to hit)
You shoot a bolt.
The bolt hits the orc warrior but does no damage.
The orc warrior is heavily wounded.
Shoot: a) +1 hand crossbow
Press: ? - help, Q - select action, (/) - cycle Shift-Dir - straight line, f/p - orc warrior
Aim: an orc warrior, wielding a +0 war axe and wearing a +0 ring mail (heavily wounded, 63% to hit)
You shoot a bolt.
The bolt closely misses the orc warrior.
Shoot: a) +1 hand crossbow
Press: ? - help, Q - select action, (/) - cycle Shift-Dir - straight line, f/p - orc warrior
Aim: an orc warrior, wielding a +0 war axe and wearing a +0 ring mail (heavily wounded, 63% to hit)
You shoot a bolt. The bolt hits the orc warrior!
The orc warrior is almost dead.
Your +0 short sword of venom begins to drip with poison!
b - a +0 short sword of venom (weapon)
You hit the orc warrior but do no damage.
The orc warrior is poisoned.
The orc warrior is almost dead.
The orc warrior hits you with a +0 war axe!
You die...
Your body crumbles into a pile of gold.

###.)...#$'..### $
##....).###...^ ... .# #.
≈≈≈≈≈.....#..####'#### .#..≈
≈≈≈≈≈≈≈≈≈)####.......####≈≈≈
#....≈≈≈≈≈≈≈∩#Kgg[...#∩≈≈≈≈≈
##......≈≈≈≈≈#########≈≈≈≈#
##.......≈≈≈≈≈≈≈≈≈≈≈≈≈≈#
###........≈≈≈≈≈≈≈≈≈#
####.......o@....#
####......∩..## ###.......##
####.....## ####...##
##...### ##.....##
##...)...## #.........#


You could see an orc warrior (very poisoned), a hobgoblin and a kobold.

Vanquished Creatures
  A hornet (D:6)
  Duvessa (D:7)
  An ice beast (D:6)
  4 orc warriors (Bailey)
  An ogre (D:6)
  3 necrophages (D:5)
  3 scorpions
  Dowan (D:7)
  5 hounds
  3 orc priests
  3 jellies
  An iguana (D:6)
  Jessica (D:2)
  4 orc wizards
  A gnoll (Bailey)
  7 adders
  2 ufetubi
  2 worms
  2 dart slugs
  23 orcs
  6 endoplasms
  2 giant cockroaches (D:3)
  12 goblins
  6 hobgoblins
  12 jackals
  15 kobolds
  3 quokkas (D:1)
  9 ball pythons
  5 bats
  7 frilled lizards
  4 rats
150 creatures vanquished.

Vanquished Creatures (others)
  6 plants (D:2)
6 creatures vanquished.

Grand Total: 156 creatures vanquished

Notes
Turn   | Place    | Note
-------+----------+-------------------------------------------
     0 | D:1      | Illumine the Spriggan Hunter began the quest for the Orb.
     0 | D:1      | Reached XP level 1. HP: 10/10 MP: 2/2
   297 | D:1      | Reached XP level 2. HP: 14/14 MP: 3/3
   835 | D:1      | Found a faded altar of an unknown god.
   860 | D:1      | Reached skill level 5 in Crossbows
   862 | D:1      | Reached XP level 3. HP: 18/18 MP: 4/4
  1555 | D:2      | Noticed Jessica
  1557 | D:2      | Killed Jessica
  1558 | D:2      | Reached XP level 4. HP: 18/22 MP: 5/5
  1858 | D:2      | Found Buusenwu's Jewellery Shop.
  2559 | D:3      | You fall into a shaft and drop 2 floors!
  2559 | D:5      | Entered Level 5 of the Dungeon
  2582 | D:5      | Found Visa's CLEARANCE SALE!.
  2586 | D:5      | Bought a scroll of identify for 6 gold pieces
  2586 | D:5      | Bought 6 atropa-tipped darts for 10 gold pieces
  2600 | D:5      | Found a transporter.
  2600 | D:5      | Noticed dontdoit's ghost (weakling DjDe)
  2605 | D:5      | Found a transporter.
  2623 | D:4      | Reached skill level 6 in Crossbows
  2656 | D:4      | Reached XP level 5. HP: 15/26 MP: 6/6
  3896 | D:3      | Reached XP level 6. HP: 30/30 MP: 7/7
  4510 | D:5      | Noticed Grinder
  4636 | D:5      | Reached skill level 7 in Crossbows
  4650 | D:5      | Found a staircase to the Ecumenical Temple.
  4662 | Temple   | Entered the Ecumenical Temple
  4845 | Temple   | Became a worshipper of Gozag Ym Sagoz the Greedy
  5392 | D:5      | Reached XP level 7. HP: 28/35 MP: 8/8
  5529 | D:5      | Reached skill level 5 in Dodging
  6194 | D:6      | Reached skill level 8 in Crossbows
  6223 | D:6      | Noticed a hornet
  6495 | D:6      | Reached XP level 8. HP: 41/41 MP: 9/9
  7124 | D:6      | Paralysed by a hornet for 2 turns
  7138 | D:6      | HP: 1/63 [hornet (4)]
  7139 | D:6      | Killed a hornet
  7140 | D:6      | Reached skill level 9 in Crossbows
  7360 | D:6      | Noticed a troll
  7616 | D:5      | Found Nuxowaf's Magic Scroll Shoppe.
  7815 | D:5      | Bought a scroll of identify for 20 gold pieces
  8015 | D:7      | Noticed Dowan
  8016 | D:7      | Noticed Duvessa
  8047 | D:7      | Killed Duvessa
  8059 | D:7      | Killed Dowan
  8171 | D:7      | Found a flagged portal.
  8191 | Bailey   | Entered a bailey
  8684 | Bailey   | Slain by an orc warrior

Illustrated notes

Levels and vault maps discovered:
D:1:      mrwooster_arrival_arrow, layout_basic, basic_ecumenical_altar,
          chequers_serial_rivers_micro_e, minmay_misc_feat_encased,
          minmay_misc_feat_plants, grunt_decor_junction
D:2:      layout_loops_ring, serial_shops, nicolae_lakefront_shop, serial_bayou,
          serial_bayou_ford_a, serial_bayou_shore_b, serial_bayou_shore_b,
          serial_bayou_lagoon_b, uniq_jessica
D:3:      layout_loops_ring, kennysheep_small_spiral
D:4:      layout_basic, serial_rivers, chequers_serial_rivers_micro_d,
          chequers_serial_rivers_large_b, chequers_serial_rivers_room_b,
          chequers_serial_rivers_micro_b, chequers_serial_rivers_micro_d
D:5:      layout_loops_ring, minmay_temple_entry_tees,
          gammafunk_ghost_mausoleum, serial_shops, shop, nicolae_shop_clearance,
          uniq_grinder
D:6:      layout_layer_cave, roderic_lattice_a, hellmonk_guarded_unrand_lears
D:7:      layout_loops_ring, lemuel_doored_altar, enter_bailey_3, uniq_duvessa
Temple:   mainiacjoe_temple_big_plus
Bailey:   bailey_axe_4, bailey

Skill      XL: |  1  2  3  4  5  6  7  8 |
---------------+-------------------------+-----
Crossbows      | 5 6 7 8 9 |  9.7
Dodging        | 3 4 6 7 |  7.6
Fighting       | 2 3 4 |  4.7
Stealth        | |  1.5

Action                   |  1- 3 |  4- 6 |  7- 9 || total
-------------------------+-------+-------+-------++-------
Melee: Short sword       |       |    24 |    38 ||    62
       Punch             |       |       |     1 ||     1
 Fire: Hand crossbow     |    93 |   216 |   251 ||   560
Invok: Potion Petition   |       |       |     1 ||     1
  Use: Scroll            |       |     6 |     3 ||     9
       Potion            |       |       |     2 ||     2
 Stab: Distracted        |       |       |     1 ||     1
Armor: Robe              |     3 |     3 |     2 ||     8
       Skin              |       |       |    11 ||    11
Dodge: Dodged            |    17 |    75 |    89 ||   181

Table legend: (Time is in decaauts)
 A = Elapsed time spent in this place.
 B = Non-inter-level travel time spent in this place.
 C = Inter-level travel time spent in this place.
 D = Time resting spent in this place.
 E = Time spent auto-exploring this place.
 F = Levels seen in this place.
 G = Mean time per level.
                   A        B        C        D        E       F      G
               +--------+--------+--------+--------+--------+-----+--------+
         Total |   6820 |   6598 |    222 |   1424 |   3739 |   9 |  757.8 |
       Dungeon |   6220 |   6015 |    205 |   1179 |   3629 |   7 |  888.6 |
        Temple |    178 |    161 |     17 |     51 |     91 |   1 |  178.0 |
        Bailey |    421 |    421 |      0 |    193 |     18 |   1 |  421.0 |
               +--------+--------+--------+--------+--------+-----+--------+

Top non-repeatable levels by time:
     D:4: 1362 daAuts
     D:5: 1328 daAuts
     D:6: 1043 daAuts
     D:1: 932 daAuts
     D:2: 810 daAuts
     D:3: 552 daAuts
  Bailey: 421 daAuts
     D:7: 191 daAuts
  Temple: 178 daAuts
